 Dungeon Crawl Stone Soup version 0.22.0 (webtiles) character file.

1974183 NormalPerson7T the Slayer (level 27, 273/288 HPs)
             Began as a Deep Dwarf Conjurer on Aug 11, 2018.
             Was the Champion of Makhleb.
             Escaped with the Orb
             ... and 3 runes!
             The game lasted 02:04:31 (53273 turns).

NormalPerson7T the Slayer (Deep Dwarf Conjurer)    Turns: 53273, Time: 02:04:31

Health: 273/288    AC: 38    Str: 26      XL:     27
Magic:  16/16      EV: 24    Int: 15 (18) God:    Makhleb [******]
Gold:   5147       SH: 19    Dex: 15      Spells: 28/29 levels left

rFire    + + .     SeeInvis .   y - +8 broad axe (drain)
rCold    + . .     Gourm    +   X - +4 shield of the Will of the Gods {rCorr}
rNeg     + . .     Faith    .   n - +9 storm dragon scales {rElec}
rPois    +         Spirit   .   (helmet restricted)
rElec    +         Reflect  .   D - scarf {rC+ rF+}
rCorr    +         Harm     .   R - +1 pair of gloves {Str+3}
MR       ++++.                  B - +2 pair of boots
Stlth    ..........             C - amulet of the gourmand
HPRegen  0.00/turn              F - ring of protection from fire
MPRegen  0.15/turn              P - ring of poison resistance

@: non-regenerating
A: damage resistance, heal wounds, antennae 1, repulsion field 1, iridescent
scales 1, agile 1, mutation resistance 1, negative energy resistance 1, sense
surroundings 3, no regeneration
0: Orb of Zot
}: 3/15 runes: decaying, silver, gossamer
a: Heal Wounds, Minor Destruction, Lesser Servant of Makhleb, Major Destruction,
Greater Servant of Makhleb, Renounce Religion


You escaped.
You worshipped Makhleb.
Makhleb was exalted by your worship.
You were full.

You visited 10 branches of the dungeon, and saw 48 of its levels.
You visited 1 bazaar.
You also visited: Wizlab.

You collected 7012 gold pieces.
You spent 1865 gold pieces at shops.

Inventory:

Hand Weapons
 y - a +8 broad axe of draining (weapon)
Missiles
 S - 7 throwing nets (quivered) {!f}
Armour
 n - +9 storm dragon scales (worn) {rElec}
 B - a +2 pair of boots (worn)
 D - a scarf of resistance (worn)
 Q - a +1 helmet
 R - a +1 pair of gloves of strength (worn)
 X - the +4 shield of the Will of the Gods (worn) {rCorr}
   (You bought it in a shop on level 2 of the Orcish Mines)

   It provides partial protection from all sources of acid and corrosion.
Jewellery
 A - an uncursed ring of protection from fire
 C - an amulet of the gourmand (around neck)
 E - a +4 ring of evasion
 F - a ring of protection from fire (left hand)
 M - an uncursed ring of protection from magic
 P - a ring of poison resistance (right hand)
 Z - an uncursed ring of see invisible
Wands
 b - a wand of acid (8)
 d - a wand of disintegration (28)
 g - a wand of iceblast (53)
 m - a wand of enslavement (54)
 o - a wand of scattershot (2)
 v - a wand of polymorph (21)
 I - a wand of flame (87)
 O - a wand of digging (11)
 U - a wand of paralysis (80)
 V - a wand of random effects (22)
Scrolls
 i - 6 scrolls of identify
 q - 2 scrolls of fog
 r - 15 scrolls of remove curse
 t - 10 scrolls of teleportation
 w - 8 scrolls of fear
 K - 2 scrolls of silence {!r}
 L - 7 scrolls of vulnerability {!r}
 W - 12 scrolls of immolation
Potions
 a - 5 potions of resistance
 c - 25 potions of curing
 f - 2 potions of haste
 h - 3 potions of heal wounds
 j - 7 potions of lignification {!q}
 k - a potion of magic
 l - 4 potions of cancellation
 u - 8 potions of berserk rage
 G - 3 potions of agility
 H - 4 potions of ambrosia
 N - 8 potions of flight
 T - 2 potions of mutation {!q}
 Y - 9 potions of might
Miscellaneous
 p - a lamp of fire
Comestibles
 e - 98 rations


   Skills:
 * Level 24.7 Fighting
   Level 1.5 Short Blades
 - Level 15.7(18.0) Axes
   Level 14.0(16.4) Maces & Flails
 + Level 23.4 Armour
 + Level 19.9 Dodging
 - Level 2.4 Stealth
 - Level 16.4 Shields
 - Level 1.7 Spellcasting
 - Level 3.6 Conjurations
 + Level 17.4 Invocations
 - Level 10.1 Evocations


You had 28 spell levels left.
You knew the following spells:

 Your Spells              Type           Power        Failure   Level  Hunger
a - Magic Dart            Conj           ##..         14%         1    ##.....

Your spell library contained the following spells:

 Spells                   Type           Power        Failure   Level  Hunger
 Cause Fear               Hex            #.........   99%         4    #####..
 Conjure Flame            Conj/Fire      #.......     65%         3    ####...
 Bolt of Fire             Conj/Fire      #.........   100%        6    #######
 Bolt of Cold             Conj/Ice       #.........   100%        6    #######
 Lightning Bolt           Conj/Air       #.........   100%        5    ######.
 Bolt of Magma            Conj/Fire/Erth #.........   100%        5    ######.
 Slow                     Hex            #.......     65%         2    ###....
 Confuse                  Hex            #.......     87%         3    ####...
 Throw Frost              Conj/Ice       #.....       41%         2    ###....
 Controlled Blink         Tloc           N/A          100%        8    #######
 Freezing Cloud           Conj/Ice/Air   #.........   100%        6    #######
 Mephitic Cloud           Conj/Pois/Air  #.......     73%         3    ####...
 Ring of Flames           Chrm/Fire      #.........   100%        7    #######
 Venom Bolt               Conj/Pois      #.........   100%        5    ######.
 Olgreb's Toxic Radiance  Pois           #.......     99%         4    #####..
 Teleport Other           Tloc           #.......     87%         3    ####...
 Summon Small Mammal      Summ           #...         52%         1    ##.....
 Bolt of Draining         Conj/Necr      #.........   100%        5    ######.
 Blink                    Tloc           N/A          65%         2    ###....
 Iskenderun's Mystic Bla  Conj           ##......     80%         4    #####..
 Animate Dead             Necr           N/A          99%         4    #####..
 Pain                     Necr           #...         52%         1    ##.....
 Animate Skeleton         Necr           N/A          52%         1    ##.....
 Vampiric Draining        Necr           #.........   87%         3    ####...
 Freeze                   Ice            #...         52%         1    ##.....
 Ozocubu's Refrigeration  Ice            #.........   100%        6    #######
 Summon Ice Beast         Ice/Summ       #.......     99%         4    #####..
 Ozocubu's Armour         Chrm/Ice       #.......     87%         3    ####...
 Call Imp                 Summ           #.......     65%         2    ###....
 Dispel Undead            Necr           #.......     100%        5    ######.
 Regeneration             Chrm/Necr      #.........   87%         3    ####...
 Sting                    Conj/Pois      #...         28%         1    ##.....
 Sublimation of Blood     Necr           #.........   65%         2    ###....
 Summon Demon             Summ           #.........   100%        5    ######.
 Corpse Rot               Necr           N/A          65%         2    ###....
 Iron Shot                Conj/Erth      #.........   100%        6    #######
 Shock                    Conj/Air       #...         28%         1    ##.....
 Swiftness                Chrm/Air       #.......     65%         2    ###....
 Recall                   Summ/Tloc      N/A          87%         3    ####...
 Agony                    Necr           #.......     100%        5    ######.
 Statue Form              Tmut/Erth      #........    100%        6    #######
 Ice Form                 Ice/Tmut       #.......     99%         4    #####..
 Dragon Form              Tmut           #.........   100%        7    #######
 Death Channel            Necr           #.........   100%        6    #######
 Throw Icicle             Conj/Ice       #.......     96%         4    #####..
 Airstrike                Air            #.........   99%         4    #####..
 Shadow Creatures         Summ           N/A          100%        6    #######
 Confusing Touch          Hex            #.....       52%         1    ##.....
 Flame Tongue             Conj/Fire      #....        28%         1    ##.....
 Call Canine Familiar     Summ           #.......     87%         3    ####...
 Ensorcelled Hibernation  Hex/Ice        #.....       65%         2    ###....
 Metabolic Englaciation   Hex/Ice        #.........   100%        5    ######.
 Summon Butterflies       Summ           #.......     52%         1    ##.....
 Silence                  Hex/Air        #.........   100%        5    ######.
 Dispersal                Tloc           #.........   100%        6    #######
 Static Discharge         Conj/Air       #.......     65%         3    ####...
 Simulacrum               Ice/Necr       #.........   100%        6    #######
 Excruciating Wounds      Chrm/Necr      #.........   100%        5    ######.
 Portal Projectile        Hex/Tloc       #.....       87%         3    ####...
 Petrify                  Tmut/Erth      #.......     99%         4    #####..
 Passage of Golubria      Tloc           N/A          99%         4    #####..
 Orb of Destruction       Conj           ##........   100%        7    #######
 Summon Hydra             Summ           #.........   100%        7    #######
 Darkness                 Hex            #.........   100%        6    #######
 Shroud of Golubria       Chrm/Tloc      #.........   65%         2    ###....
 Aura of Abjuration       Summ           #.........   100%        5    ######.
 Disjunction              Tloc           #.........   100%        8    #######
 Iskenderun's Battlesphe  Conj/Chrm      #.......     100%        5    ######.
 Fulminant Prism          Conj/Hex       #.........   96%         4    #####..
 Dazzling Spray           Conj/Hex       #.....       65%         3    ####...
 Force Lance              Conj/Tloc      #.......     96%         4    #####..
 Searing Ray              Conj           ##....       21%         2    ###....
 Summon Forest            Summ/Tloc      #.........   100%        5    ######.
 Summon Lightning Spire   Summ/Air       #.......     99%         4    #####..
 Summon Guardian Golem    Hex/Summ       #.......     87%         3    ####...
 Dragon's Call            Summ           #.........   100%        9    #######
 Spellforged Servitor     Conj/Summ      #.........   100%        7    #######
 Summon Mana Viper        Hex/Summ       #.......     100%        5    ######.
 Hydra Form               Tmut           #.........   100%        6    #######
 Irradiate                Conj/Tmut      #.........   100%        5    ######.
 Gell's Gravitas          Tloc           #.........   87%         3    ####...
 Yara's Violent Unravell  Hex/Tmut       #.........   100%        5    ######.
 Lesser Beckoning         Tloc           #.........   87%         3    ####...
 Poisonous Vapours        Pois/Air       #.....       65%         2    ###....
 Borgnjor's Vile Clutch   Necr/Erth      #.........   100%        5    ######.


Dungeon Overview and Level Annotations

Branches:
Dungeon (15/15)            Temple (1/1) D:4            Lair (6/6) D:9
  Swamp (4/4) Lair:2       Spider (4/4) Lair:2        Slime (0/5) Lair:5
    Orc (2/2) D:10            Elf (1/3) Orc:2        Vaults (5/5) D:13
  Crypt (0/3) Vaults:2     Depths (5/5) D:15            Zot (5/5) Depths:5

Altars:
Ashenzari
Cheibriados
Dithmenos
Elyvilon
Fedhas
Gozag
Kikubaaqudgha
Makhleb
Qazlal
Ru
Sif Muna
Trog
Uskayaw
Vehumet
Wu Jian
Xom
Yredelemnul
Zin
The Shining One
Beogh

Shops:
D:4 !   D:5 }   D:6 *   D:14 %   Orc:2 =([*   Vaults:5 *   Depths:2 !}!*
Depths:3 (

Portals:
Hell: Depths:1 Depths:2 Depths:3 Depths:4 Depths:5
Abyss: Depths:3 Depths:4
Pandemonium: Depths:3 Depths:4 Depths:5
Ziggurat: Depths:3

Annotations:
D:5 2 transporters, Menkaure
D:14 3 runed doors, MTVSty1e's ghost, journeyman GrMo
Lair:3 exclusion: oklob plant
Swamp:3 3 runed doors, Fillatzu's ghost, journeyman TrMo
Spider:2 exclusion: Roxanne, Roxanne
Vaults:1 1 runed door, Kihot's ghost, adept OpAs
Zot:1 3 transporters
Zot:3 2 transporters


Innate Abilities, Weirdness & Mutations

You are resistant to damage.
You can heal yourself by infusing magical energy.
You resist negative energy. (rN+)
You passively map a large area around you.
You do not regenerate.
You have a pair of small antennae on your head.
You are surrounded by a mild repulsion field. (EV +2)
You are partially covered in iridescent scales. (AC +2)
You are agile. (Dex +2)
You are somewhat resistant to further mutation.


Message History

An orange demon comes into view.
There is a stone staircase leading up here.
You climb upwards.
There is a stone staircase leading down, spattered with blood here.
(D) Dungeon (T) Temple (L) Lair (S) Swamp (N) Spider Nest (M) Slime Pits (O) Orcish Mines (E) Elven Halls (V) Vaults (C) Crypt (U) Depths (H) Hell (Z) Zot
Where to? (Enter - D:1 @ (x,y), ? - help)
Your extra speed is starting to run out.
There is a stone staircase leading up here.
You feel yourself slow down.
You climb upwards.
There is a stone staircase leading down here.
You see here a dagger.
There is a stone staircase leading up here.
You climb upwards.
There is a stone staircase leading down here.
There is a staircase leading out of the dungeon here.
You have escaped!

##.....#####
######################.#.........
...................).......#.####
##############..######.#####.# #
#......# ##.###.## #
##########.###.## ##...## #
.........#.# ### ##### #
########.#.######### # #
#.#.##...@..# ## # #.#.##.######
#. # #..#...#### #.
########.###.#.#.############ #.
##......## ##.###...........# #.
##.#####.###.#.#.##########.# #.
..........#.###.## #.# #.
......(..#.## #.# #.# #.
##.#####.#.# #.# #.# #.


There were no monsters in sight!

Vanquished Creatures
  7 orbs of fire (Zot:5)
  Mennas (Vaults:4)
  8 ancient liches
  A juggernaut (Depths:2)
  Sojobo (Depths:4)
  A caustic shrike (Depths:2)
  Saint Roka (Depths:4)
  2 Killer Klowns
  2 curse toes
  7 golden dragons
  Nikola (Spider:4)
  3 electric golems
  22 tentacled monstrosities
  A Tzitzimitl (Depths:4)
  28 Orb Guardians
  5 liches
  7 titans
  An Ice Fiend (D:15)
  8 quicksilver dragons
  4 sphinxes
  5 death cobs
  An ancient champion (WizLab)
  9 tengu reavers
  4 draconian monks
  10 shadow dragons
  13 storm dragons
  A deep elf sorcerer (Vaults:4)
  3 draconian knights
  4 draconian scorchers
  3 ghost moths
  16 fire giants
  2 iron dragons
  16 vault wardens
  11 frost giants
  A balrug (Depths:2)
  2 draconian stormcallers
  3 emperor scorpions (Spider:4)
  A deep elf elementalist (Vaults:4)
  An orc warlord (Orc:2)
  A caustic shrike zombie (Depths:4)
  15 ironheart preservers
  A reaper (Depths:4)
  4 draconian shifters
  3 war gargoyles (Vaults:5)
  7 draconian annihilators
  3 spriggan defenders
  39 very ugly things
  6 entropy weavers
  2 vampire knights
  33 stone giants
  2 deep elf demonologists (Vaults:5)
  A corrupter (D:14)
  2 deep elf annihilators
  7 white draconians
  8 black draconians
  12 green draconians
  4 purple draconians
  A green death (Depths:3)
  4 spark wasps
  8 yellow draconians
  A merfolk javelineer (Depths:2)
  3 deep elf death magi
  16 ettins
  8 red draconians
  14 yaktaur captains
  7 fire dragons
  5 great orbs of eyes
  A merfolk impaler (Depths:2)
  16 ogre magi
  3 deep elf high priests
  2 jiangshi (Depths:3)
  The ghost of Gorglomux the Party-goer, a journeyman VSFi of Uskayaw (Lair:5)
  32 vault guards
  12 ice dragons
  7 rakshasas
  3 spriggan air magi
  15 hydras
  15 centaur warriors
  10 alligators
  2 ghost crabs (Swamp:4)
  33 two-headed ogres
  11 death yaks
  6 deep troll shamans
  7 tengu warriors
  3 death knights
  9 deep troll earth magi
  9 spriggan berserkers
  5 vampire magi
  3 dancing weapons (Elf:1)
  An orc high priest (Orc:2)
  2 sun demons (Depths:2)
  10 deep elf knights
  2 iron trolls
  5 skeletal warriors (WizLab)
  A sixfirhy (D:13)
  7 hell knights
  A salamander mystic (Depths:5)
  A spriggan druid (Swamp:4)
  9 swamp dragons
  Nergalle (Lair:4)
  A torturous demonspawn (Depths:5)
  A swamp dragon (shapeshifter) (Depths:2)
  4 flayed ghosts
  3 wizards
  6 unseen horrors
  2 glowing orange brains
  A deep troll (shapeshifter) (Vaults:5)
  17 ironbrand convokers
  A shadow dragon zombie (Vaults:5)
  2 lindwurms (Lair:6)
  39 deep trolls
  A shadow demon (D:14)
  An obsidian statue (Zot:5)
  11 harpies
  12 deep elf archers
  An infernal demonspawn (Depths:4)
  4 phantasmal warriors
  5 necromancers
  6 shambling mangroves
  79 ugly things
  12 orb spiders
  4 orc sorcerers
  17 orc knights
  18 deep elf magi
  A wolf spider (shapeshifter) (Depths:2)
  A manticore (shapeshifter) (Depths:1)
  2 salamanders (Depths:5)
  17 cyclopes
  A tengu skeleton (Vaults:4)
  33 wolf spiders
  An elephant (shapeshifter) (Vaults:5)
  21 moths of wrath
  3 moths of wrath (shapeshifter)
  19 vault sentinels
  A manticore (D:14)
  4 black mambas
  A fire giant skeleton (Vaults:5)
  7 elephants
  A guardian serpent (shapeshifter) (D:15)
  A black mamba (shapeshifter) (Vaults:5)
  Maurice (D:8)
  A stone giant skeleton (Vaults:4)
  Joseph (D:7)
  26 spiny frogs
  8 smoke demons
  A gargoyle (D:13)
  5 orange demons
  3 spiny frogs (shapeshifter)
  3 torpor snails (Lair:2)
  39 yaktaurs
  A spriggan skeleton (Depths:4)
  A yaktaur zombie (Vaults:4)
  5 komodo dragons
  2 efreet
  A rime drake (shapeshifter) (Vaults:1)
  11 freezing wraiths
  A small abomination (Vaults:4)
  An ice devil (Depths:4)
  14 demonic crawlers
  11 trolls
  12 tyrant leeches
  5 hellwings
  An elf skeleton (Vaults:5)
  38 jumping spiders
  A meliai (shapeshifter) (Vaults:4)
  6 tengu conjurers
  3 red devils
  29 hornets
  2 polar bears
  Grinder (D:6)
  2 raiju (shapeshifter)
  12 hippogriffs
  36 slime creatures
  32 blink frogs
  Prince Ribbit (D:6)
  8 bog bodies
  18 dream sheep
  2 shadows (Swamp:4)
  A spriggan (shapeshifter) (Vaults:3)
  4 vampires (WizLab)
  66 redbacks
  30 tarantellas
  40 yaks
  12 spriggans
  Eustachio (D:6)
  Sigmund (D:6)
  2 tarantellas (shapeshifter)
  3 wraiths
  4 wyverns
  A human (D:7)
  A fire elemental (Elf:1)
  6 water elementals (Depths:2)
  3 basilisks
  A hog (shapeshifter) (Depths:4)
  8 hogs
  Grum (D:8)
  35 vampire mosquitoes
  2 hungry ghosts
  A neqoxec (D:4)
  2 acid dragons
  A soldier ant (D:10)
  14 swamp worms
  5 two-headed ogre zombies (WizLab)
  12 wargs
  7 water moccasins
  Duvessa (D:7)
  A porcupine (shapeshifter) (Depths:2)
  5 hell hounds (D:11)
  2 floating eyes (Depths:2)
  8 porcupines
  A sky beast (D:14)
  54 orc warriors
  9 ice beasts
  3 black bears
  A deep troll skeleton (Vaults:4)
  14 swamp drakes
  An eye of draining (D:11)
  3 phantoms
  8 boggarts
  An elf zombie (Vaults:5)
  6 wolves
  13 centaurs
  A tengu (shapeshifter) (Depths:1)
  A tengu (D:6)
  6 crocodiles
  32 ogres
  A glowing shapeshifter simulacrum (Depths:4)
  A gnoll sergeant (D:9)
  26 bullfrogs
  Dowan (D:7)
  A wyvern skeleton (D:11)
  A water moccasin skeleton (D:11)
  A human simulacrum (Vaults:2)
  8 killer bees (D:11)
  3 scorpions
  11 troll zombies (WizLab)
  24 wights
  2 howler monkeys (D:13)
  3 electric eels
  4 centaur zombies
  11 crimson imps
  A quasit (D:11)
  3 bullfrog zombies
  19 orc priests
  10 jellies
  5 hounds
  33 orc wizards
  7 centaur skeletons
  An iron imp (Depths:1)
  4 bullfrog skeletons
  2 iguanas
  11 worker ants
  A killer bee zombie (D:7)
  2 ogre zombies (WizLab)
  A howler monkey zombie (D:3)
  13 gnolls
  12 adders
  A howler monkey skeleton (D:5)
  4 shadow imps
  An ooze (Lair:5)
  An adder zombie (D:9)
  2 adder skeletons (D:9)
  5 worms
  3 leopard geckos
  111 orcs
  3 bats
  7 goblins
  10 hobgoblins
  4 jackals (D:3)
  5 quokkas
  2 ball pythons
  3 frilled lizards
  A giant cockroach zombie (D:6)
  A goblin zombie (D:6)
  3 hobgoblin zombies (D:6)
  A jackal skeleton (D:6)
  9 kobolds
  2 kobold zombies (D:6)
  2 leopard gecko skeletons
  2 orc skeletons (D:6)
  A quokka skeleton (D:6)
  A rat (shapeshifter) (Vaults:3)
  5 rats
  4 crawling corpses
  3 fungi (Orc:2)
2241 creatures vanquished.

Vanquished Creatures (collateral kills)
  A Killer Klown (Zot:5)
  An electric golem (Zot:5)
  A lich (Depths:3)
  Rupert (Lair:5)
  An Orb Guardian (Zot:5)
  Kirke (Spider:2)
  A death cob (Zot:5)
  2 shadow dragons
  A frost giant (Depths:2)
  2 draconian knights (Zot:5)
  A very ugly thing (Vaults:5)
  A stone giant (Vaults:5)
  A yellow draconian (Zot:5)
  A red draconian (Zot:5)
  Josephine (Lair:4)
  A deep elf high priest (Vaults:5)
  An ice dragon (Depths:3)
  A ghost crab (Swamp:1)
  A vault guard (D:13)
  2 hydras
  2 alligators (Swamp:1)
  A deep troll earth mage (Depths:3)
  An orb spider (Spider:2)
  A phantasmal warrior (Vaults:5)
  2 orc sorcerers (Orc:2)
  2 wolf spiders (Spider:2)
  6 spiny frogs
  A yaktaur (D:13)
  A rime drake (Lair:5)
  2 tyrant leeches (Lair:6)
  5 blink frogs (Lair:6)
  A hippogriff (Lair:6)
  A wraith (Lair:4)
  A basilisk (Lair:6)
  2 vampire mosquitoes (Lair:6)
  A porcupine (Lair:3)
  3 wolves (Lair:4)
  A crocodile (Lair:6)
  2 orcs (Orc:2)
  4 crawling corpses (Vaults:5)
  A plant (Lair:6)
64 creatures vanquished.

Vanquished Creatures (others)
  Asterion (Vaults:1)
  A draconian knight (Zot:3)
  A fire giant (Vaults:5)
  2 hydras (Swamp:4)
  A vault guard (Vaults:5)
  2 ogre magi
  2 deep elf knights (Vaults:1)
  A spriggan druid (Swamp:4)
  3 moths of wrath
  A jumping spider (Spider:4)
  A vampire mosquito (D:15)
  A bullfrog (Lair:5)
  26 fungi
  57 plants
  8 toadstools (Lair:2)
108 creatures vanquished.

Grand Total: 2413 creatures vanquished

Notes
Turn   | Place    | Note
-------+----------+-------------------------------------------
     0 | D:1      | NormalPerson7T the Deep Dwarf Conjurer began the quest for the Orb.
     0 | D:1      | Reached XP level 1. HP: 15/15 MP: 3/3
   218 | D:1      | Reached skill level 1 in Short Blades
   218 | D:1      | Reached XP level 2. HP: 24/24 MP: 4/4
   231 | D:1      | Reached skill level 1 in Fighting
   968 | D:2      | Reached XP level 3. HP: 26/31 MP: 5/5
  1111 | D:2      | Found an ornate altar of the Wu Jian Council.
  1111 | D:2      | Found a hide-covered altar of Uskayaw.
  1357 | D:3      | Reached skill level 1 in Maces & Flails
  1430 | D:3      | Reached skill level 2 in Fighting
  1430 | D:3      | Reached XP level 4. HP: 35/39 MP: 6/6
  1437 | D:3      | You fall through a shaft!
  1530 | D:4      | Found a staircase to the Ecumenical Temple.
  1567 | Temple   | Entered the Ecumenical Temple
  1571 | Temple   | Became a worshipper of Makhleb the Destroyer
  1603 | D:4      | Found Ezajaowk's Distillery.
  1934 | D:5      | Entered Level 5 of the Dungeon
  2334 | D:5      | Found a transporter.
  2334 | D:5      | Noticed a phantom
  2348 | D:5      | Noticed a vampire
  2377 | D:5      | Killed a phantom
  2377 | D:5      | Reached XP level 5. HP: 41/48 MP: 7/7
  2379 | D:5      | Found a transporter.
  2383 | D:5      | Found a basalt altar of Yredelemnul.
  2387 | D:5      | Noticed Menkaure
  2393 | D:5      | Found an ancient bone altar of Kikubaaqudgha.
  2408 | D:5      | Noticed a vampire
  2453 | D:5      | Reached skill level 3 in Fighting
  2457 | D:5      | Reached XP level 6. HP: 45/56 MP: 8/8
  2843 | D:5      | Reached * piety under Makhleb
  3018 | D:5      | Found Ypnie's Gadget Shop.
  3289 | D:6      | Noticed Eustachio
  3362 | D:6      | Killed Eustachio
  3362 | D:6      | Reached skill level 5 in Maces & Flails
  3362 | D:6      | Reached XP level 7. HP: 37/63 MP: 9/9
  3449 | D:6      | Found a glowing golden altar of the Shining One.
  3453 | D:6      | Noticed Prince Ribbit
  3524 | D:6      | Noticed Sigmund
  3524 | D:6      | Noticed Grinder
  3623 | D:5      | Reached skill level 4 in Fighting
  3766 | D:6      | Killed Prince Ribbit
  3906 | D:5      | Reached XP level 8. HP: 43/73 MP: 9/11
  4080 | D:5      | Your magical essence is drained by the effort!
  4106 | D:6      | Killed Sigmund
  4162 | D:6      | Found Vory's General Store.
  4206 | D:6      | Got a pair of translucent gloves
  4217 | D:6      | Identified the cursed +0 pair of gloves of Ekkeig {Str+6} (You found it on level 6 of the Dungeon)
  4357 | D:6      | Reached skill level 5 in Fighting
  4357 | D:6      | Reached skill level 5 in Invocations
  4369 | D:6      | Noticed Edmund
  4379 | D:6      | Noticed Edmund
  4379 | D:6      | Edmund changed into Edmund the tengu
  4392 | D:6      | Killed Edmund the tengu
  4392 | D:6      | Reached ** piety under Makhleb
  5126 | D:7      | Gained mutation: You passively map the area around you. [Deep Dwarf growth]
  5126 | D:7      | Reached XP level 9. HP: 36/81 MP: 12/12
  5340 | D:7      | Noticed Duvessa
  5340 | D:7      | Noticed Dowan
  5354 | D:7      | Killed Duvessa
  5356 | D:7      | Killed Dowan
  5404 | D:7      | Reached skill level 6 in Fighting
  5412 | D:7      | Found a shimmering altar of Xom.
  5496 | D:7      | Noticed Joseph
  5503 | D:7      | Your magical essence is drained by the effort!
  5856 | D:3      | Found a blossoming altar of Fedhas.
  5859 | D:3      | Reached *** piety under Makhleb
  6083 | D:6      | Killed Grinder
  6083 | D:6      | Reached skill level 1 in Armour
  6273 | D:7      | Killed Joseph
  6280 | D:7      | Found a shadowy altar of Dithmenos.
  6282 | D:7      | Found a shattered altar of Ashenzari.
  6362 | D:7      | Reached skill level 10 in Maces & Flails
  6365 | D:7      | Reached XP level 10. HP: 70/92 MP: 12/14
  6618 | D:8      | Noticed a cyclops
  6628 | D:8      | Killed a cyclops
  6628 | D:8      | Reached skill level 7 in Fighting
  6659 | D:8      | Noticed Maurice
  6673 | D:8      | Killed Maurice
  6964 | D:8      | Noticed Grum
  6977 | D:8      | Killed Grum
  7006 | D:8      | Found a glowing silver altar of Zin.
  7500 | D:9      | Reached **** piety under Makhleb
  7555 | D:9      | Found a staircase to the Lair.
  8221 | D:9      | Reached skill level 5 in Armour
  8492 | D:10     | Entered Level 10 of the Dungeon
  8526 | D:10     | Reached XP level 11. HP: 100/100 MP: 16/16
  8563 | D:10     | Noticed a two-headed ogre
  8577 | D:10     | Killed a two-headed ogre
  8584 | D:10     | Reached ***** piety under Makhleb
  8703 | D:10     | Got a dazzling plate armour
  8729 | D:10     | Killed an unseen horror
  8729 | D:10     | Reached skill level 10 in Invocations
  8740 | D:10     | Identified the cursed +1 plate armour of Pinwud {rF- Str-4 SInv Stlth+} (You found it on level 10 of the Dungeon)
  8866 | D:10     | Reached skill level 8 in Fighting
  8946 | D:10     | Found a staircase to the Orcish Mines.
  9033 | D:10     | Killed an unseen horror
  9157 | D:11     | Noticed a brown ugly thing
  9187 | D:10     | Killed a brown ugly thing
  9982 | D:11     | Killed an unseen horror
 10240 | Lair:1   | Entered Level 1 of the Lair of Beasts
 10275 | Lair:1   | Noticed an eight-headed hydra
 10291 | Lair:1   | Killed an eight-headed hydra
 10291 | Lair:1   | Reached skill level 9 in Fighting
 10291 | Lair:1   | Reached XP level 12. HP: 59/114 MP: 17/17
 10939 | Lair:2   | Found a snail-covered altar of Cheibriados.
 11033 | Lair:2   | Found a staircase to the Swamp.
 11120 | Lair:2   | Found a runed door.
 11203 | Lair:2   | Reached ****** piety under Makhleb
 11204 | Lair:2   | Found a hole to the Spider Nest.
 11417 | Lair:2   | Noticed a death yak
 11417 | Lair:2   | Noticed a death yak
 11418 | Lair:2   | Noticed a death yak
 11418 | Lair:2   | Noticed a death yak
 11418 | Lair:2   | Noticed a death yak
 11495 | Lair:2   | Killed a death yak
 11515 | Lair:2   | Killed a death yak
 11517 | Lair:2   | Killed a death yak
 12039 | Lair:2   | Noticed a dire elephant
 12110 | Lair:3   | Reached skill level 10 in Fighting
 12127 | Lair:3   | Noticed a four-headed hydra
 12142 | Lair:3   | Killed a four-headed hydra
 12288 | Lair:3   | Noticed Sonja
 12289 | Lair:3   | Noticed Sonja
 12289 | Lair:3   | Sonja changed into Sonja the polar bear
 12298 | Lair:3   | Killed Sonja the polar bear
 12390 | Lair:3   | Noticed a four-headed hydra
 12402 | Lair:3   | Killed a four-headed hydra
 12482 | Lair:3   | Reached XP level 13. HP: 104/124 MP: 18/18
 12530 | Lair:3   | Reached skill level 10 in Armour
 13103 | Lair:4   | Noticed Nergalle
 13104 | Lair:4   | Noticed Josephine
 13124 | Lair:4   | Killed Josephine
 13126 | Lair:4   | Killed Nergalle
 13432 | Lair:4   | Reached skill level 11 in Fighting
 13432 | Lair:4   | Reached skill level 5 in Dodging
 14020 | Lair:5   | Found a staircase to the Slime Pits.
 14341 | Lair:5   | Found a runed door.
 14343 | Lair:5   | Noticed Gorglomux's ghost (journeyman VSFi)
 14412 | Lair:5   | Killed Gorglomux's ghost
 14572 | Lair:5   | Noticed Rupert
 14579 | Lair:5   | Your magical essence is drained by the effort!
 14580 | Lair:5   | Your magical essence is drained by the effort!
 14598 | Lair:5   | Killed Rupert
 14793 | Lair:6   | Entered Level 6 of the Lair of Beasts
 14995 | Lair:6   | Reached skill level 12 in Fighting
 15000 | Lair:6   | Gained mutation: You resist negative energy. (rN+) [Deep Dwarf growth]
 15000 | Lair:6   | Reached XP level 14. HP: 80/138 MP: 17/17
 15215 | Lair:6   | Reached skill level 1 in Axes
 15807 | Lair:6   | Your magical essence is drained by the effort!
 15809 | Lair:6   | Your magical essence is drained by the effort!
 16100 | Lair:2   | Reached skill level 5 in Axes
 17855 | D:14     | Reached skill level 1 in Shields
 17886 | D:14     | Found a runed gate.
 17886 | D:14     | Found a runed gate.
 17886 | D:14     | Found a runed gate.
 17931 | D:14     | Noticed MTVSty1e's ghost (journeyman GrMo)
 18083 | D:14     | Found Ycwy Ewo's Food Shoppe.
 18145 | D:14     | Reached XP level 15. HP: 146/146 MP: 16/16
 18606 | D:15     | Entered Level 15 of the Dungeon
 18875 | D:15     | Reached skill level 5 in Shields
 18933 | D:14     | Your magical essence is drained by the effort!
 19083 | Orc:1    | Entered Level 1 of the Orcish Mines
 19154 | Orc:1    | Found a roughly hewn altar of Beogh.
 19495 | Orc:2    | Entered Level 2 of the Orcish Mines
 19495 | Orc:2    | Found a staircase to the Elven Halls.
 19760 | Orc:2    | Found Qaig's Antique Armour Shoppe.
 19975 | Orc:2    | Found Gecedit's General Store.
 20060 | Orc:2    | Paralysed by an orc sorcerer for 5 turns
 20296 | Orc:2    | Noticed an orc warlord
 20340 | Orc:2    | Killed an orc warlord
 20340 | Orc:2    | Reached skill level 10 in Axes
 20362 | Orc:2    | Found Lusoot's Jewellery Shop.
 20475 | Orc:2    | Found Gale's Antique Weapon Shop.
 20718 | Orc:2    | Bought a scroll of fear for 59 gold pieces
 20718 | Orc:2    | Bought a potion of berserk rage for 85 gold pieces
 20738 | Orc:2    | Bought a pitted shield for 323 gold pieces
 20748 | Orc:2    | Identified the +4 shield of the Will of the Gods {rCorr} (You bought it in a shop on level 2 of the Orcish Mines)
 20749 | Orc:2    | Bought a glowing plate armour for 884 gold pieces
 20782 | Orc:2    | Bought a scroll of identify for 34 gold pieces
 21029 | D:13     | Found a gate to the Vaults.
 21240 | Swamp:1  | Entered Level 1 of the Swamp
 21364 | Swamp:1  | Your magical essence is drained by the effort!
 21396 | Swamp:1  | Your magical essence is drained by the effort!
 21397 | Swamp:1  | Your magical essence is drained by the effort!
 22245 | Swamp:2  | Reached XP level 16. HP: 150/154 MP: 15/15
 22613 | Swamp:2  | Identified a scroll of acquirement
 22616 | Swamp:2  | Got a pair of fine gloves
 22627 | Swamp:2  | Identified the +1 pair of gloves of Potsycuemy {rF- Str+8} (You acquired it on level 2 of the Swamp)
 23224 | Swamp:3  | Reached skill level 10 in Shields
 23312 | Swamp:3  | Found a runed gate.
 23312 | Swamp:3  | Found a runed gate.
 23312 | Swamp:3  | Found a runed gate.
 23313 | Swamp:3  | Noticed Fillatzu's ghost (journeyman TrMo)
 23842 | Swamp:4  | Entered Level 4 of the Swamp
 24516 | Swamp:4  | Got a decaying rune of Zot
 24831 | Spider:1 | Entered Level 1 of the Spider Nest
 25927 | Spider:2 | Reached XP level 17. HP: 152/162 MP: 16/16
 26085 | Spider:2 | Reached skill level 1 in Evocations
 26284 | Spider:2 | Noticed Roxanne
 26524 | Spider:2 | Noticed Kirke
 26550 | Spider:2 | Killed Kirke
 28798 | Spider:4 | Entered Level 4 of the Spider Nest
 28798 | Spider:4 | Noticed Nikola
 29088 | Vaults:1 | Entered Level 1 of the Vaults
 29256 | Vaults:1 | Found a magical portal.
 29281 | WizLab   | Entered Zonguldrok's Shrine
 29344 | WizLab   | Reached skill level 5 in Evocations
 29618 | WizLab   | Your magical essence is drained by the effort!
 29634 | WizLab   | Noticed an antique lich
 29644 | WizLab   | Your magical essence is drained by the effort!
 29679 | WizLab   | Killed an antique lich
 29686 | WizLab   | Found the +9 sword of Zonguldrok {reap}
 29831 | Vaults:1 | Found a runed door.
 29835 | Vaults:1 | Found a shimmering altar of Xom.
 29835 | Vaults:1 | Noticed Kihot's ghost (adept OpAs)
 29956 | Vaults:1 | Found a flickering gateway to a bazaar.
 29981 | Bazaar   | Entered a bazaar
 30055 | Bazaar   | Found Piec's Jewellery Shoppe.
 30100 | Bazaar   | Found Dafizxez's Magic Scroll Shoppe.
 30108 | Bazaar   | Bought a scroll of blinking for 90 gold pieces
 30108 | Bazaar   | Bought a scroll of enchant armour for 90 gold pieces
 30108 | Bazaar   | Bought a scroll of enchant weapon for 90 gold pieces
 30542 | Vaults:1 | Reached skill level 15 in Axes
 30542 | Vaults:1 | Gained mutation: You passively map a large area around you. [Deep Dwarf growth]
 30542 | Vaults:1 | Reached XP level 18. HP: 170/170 MP: 16/16
 30750 | Vaults:1 | Got a bound platinum amulet
 30951 | Vaults:1 | Noticed Asterion
 30961 | Vaults:1 | Killed Asterion
 31131 | Vaults:1 | Reached skill level 15 in Shields
 31186 | Vaults:1 | Identified the amulet "Sekh" {Inacc *Contam +Blink Dex+7} (You found it on level 1 of the Vaults)
 31480 | Vaults:2 | Found a staircase to the Crypt.
 31737 | Vaults:2 | Reached skill level 13 in Fighting
 32277 | Vaults:2 | Got a crude plate armour
 32288 | Vaults:2 | Identified the +10 plate armour of Defence {+Fly rPois Int+8} (You found it on level 2 of the Vaults)
 32386 | Vaults:2 | Reached skill level 15 in Invocations
 32759 | Vaults:3 | Reached XP level 19. HP: 174/180 MP: 18/18
 33043 | Vaults:3 | Reached skill level 15 in Armour
 33197 | Vaults:3 | Reached skill level 14 in Fighting
 33222 | Vaults:3 | Got a heavily runed golden ring
 33224 | Vaults:3 | Identified the ring "Wokhesyr" {Ice rN+ MR+} (You took it off an ironheart preserver on level 3 of the Vaults)
 34292 | Vaults:4 | Noticed Mennas
 34325 | Vaults:4 | Killed Mennas
 34432 | Vaults:4 | Reached skill level 15 in Fighting
 35712 | D:15     | Found a staircase to the Depths.
 35916 | Depths:1 | Entered Level 1 of the Depths
 35929 | Depths:1 | Reached XP level 20. HP: 194/194 MP: 19/19
 36179 | Depths:1 | Found a gateway to Hell.
 37278 | Depths:2 | Reached skill level 16 in Fighting
 37334 | Depths:2 | Reached skill level 10 in Dodging
 37650 | Depths:2 | Found an opulent altar of Gozag.
 37753 | Depths:2 | Found a basalt altar of Yredelemnul.
 37753 | Depths:2 | Noticed a juggernaut
 37765 | Depths:2 | Killed a juggernaut
 37889 | Depths:2 | Noticed a caustic shrike
 37918 | Depths:2 | Killed a caustic shrike
 37932 | Depths:2 | Killed a ghostly caustic shrike
 37956 | Depths:2 | Reached XP level 21. HP: 158/206 MP: 14/20
 38017 | Depths:2 | Found Lurghuax's Distillery.
 38018 | Depths:2 | Found Esomom's Distillery.
 38019 | Depths:2 | Found Etuob's Assorted Antiques.
 38019 | Depths:2 | Found Gustrih's Gadget Shop.
 38040 | Depths:2 | Bought a potion of haste for 210 gold pieces
 38089 | Depths:2 | Found a stormy altar of Qazlal.
 38150 | Depths:2 | Got a faintly glowing ivory ring
 38166 | Depths:2 | Noticed a golden dragon
 38183 | Depths:2 | Killed a golden dragon
 38233 | Depths:2 | Found a glowing golden altar of the Shining One.
 38299 | Depths:2 | Reached skill level 17 in Fighting
 38380 | Depths:2 | Gained mutation: You are weak. (Str -2) [mutagenic glow]
 38421 | Depths:2 | Gained mutation: You are resistant to hostile enchantments. (MR+) [mutagenic glow]
 38462 | Depths:2 | Your magical essence is drained by the effort!
 38650 | Depths:2 | Identified the ring of Tocoginia {*Tele +Blink Int+4} (You found it on level 2 of the Depths)
 39051 | Depths:2 | Reached skill level 10 in Evocations
 39051 | Depths:2 | Reached XP level 22. HP: 175/217 MP: 20/20
 39516 | Depths:3 | Found Titod's Antique Weapon Shoppe.
 39535 | Depths:3 | Found a one-way gate to the infinite horrors of the Abyss.
 39598 | Depths:3 | Found a one-way gate leading to the halls of Pandemonium.
 40109 | Depths:3 | Got a wavering pewter ring
 40230 | Depths:3 | Identified the ring "Lakhar" {Fire Str-2 Int+4 SInv} (You found it on level 3 of the Depths)
 40260 | Depths:3 | Found a gateway to a ziggurat.
 40673 | Depths:3 | Reached skill level 18 in Fighting
 40942 | Depths:4 | Reached XP level 23. HP: 159/228 MP: 21/21
 41179 | Depths:4 | Noticed Saint Roka
 41194 | Depths:4 | Killed Saint Roka
 41744 | Depths:4 | Identified the Catalogue of the Displaced Escort
 41878 | Depths:4 | Reached skill level 19 in Fighting
 41978 | Depths:4 | Noticed Sojobo
 42027 | Depths:4 | Killed Sojobo
 42223 | Depths:5 | Entered Level 5 of the Depths
 42690 | Depths:5 | Found a gate to the Realm of Zot.
 42815 | Depths:5 | Reached XP level 24. HP: 243/243 MP: 21/21
 43381 | Elf:1    | Entered Level 1 of the Elven Halls
 44246 | Vaults:5 | Entered Level 5 of the Vaults
 44265 | Vaults:5 | Reached skill level 20 in Fighting
 44284 | Vaults:5 | Reached skill level 15 in Dodging
 44625 | Vaults:5 | Found Viech's Assorted Antiques.
 44705 | Vaults:5 | Got a smoking marble ring
 44801 | Vaults:5 | Identified the ring "Jume" {Fire Str-4 Dex+7 Stlth+} (You took it off an orc knight on level 5 of the Vaults)
 44902 | Vaults:5 | Noticed an ancient lich
 45309 | Vaults:5 | Reached skill level 21 in Fighting
 45323 | Vaults:5 | Noticed an ancient lich
 45331 | Vaults:5 | Your magical essence is drained by the effort!
 45339 | Vaults:5 | Noticed an ancient lich
 45532 | Vaults:5 | Reached XP level 25. HP: 167/256 MP: 20/20
 45566 | Vaults:5 | Killed an ancient lich
 45624 | Vaults:5 | Killed an ancient lich
 45650 | Vaults:5 | Noticed an ancient lich
 45672 | Vaults:5 | Killed an ancient lich
 45681 | Vaults:5 | Killed an ancient lich
 46004 | Vaults:5 | Got a silver rune of Zot
 46179 | Vaults:5 | Identified the Volume of Twisted Summoning
 47107 | Spider:4 | Killed Nikola
 47667 | Spider:4 | Got a gossamer rune of Zot
 48061 | Depths:5 | Reached skill level 22 in Fighting
 48103 | Zot:1    | Entered Level 1 of the Realm of Zot
 48114 | Zot:1    | Found a transporter.
 48187 | Zot:1    | Found a radiant altar of Vehumet.
 48288 | Zot:1    | Found a transporter.
 48427 | Zot:1    | Found a transporter.
 48717 | Zot:2    | Reached XP level 26. HP: 266/271 MP: 20/20
 49604 | Zot:3    | Found a transporter.
 49740 | Zot:3    | Reached skill level 23 in Fighting
 50082 | Zot:3    | Your magical essence is drained by the effort!
 50265 | Zot:3    | Found a transporter.
 50606 | Zot:4    | Your magical essence is drained by the effort!
 50607 | Zot:4    | Your magical essence is drained by the effort!
 51359 | Zot:5    | Entered Level 5 of the Realm of Zot
 51812 | Zot:5    | Noticed an ancient lich
 51831 | Zot:5    | Reached XP level 27. HP: 267/284 MP: 17/17
 51844 | Zot:5    | Killed an ancient lich
 51852 | Zot:5    | Noticed an orb of fire
 51858 | Zot:5    | Gained mutation: You are very weak. (Str -4) [an orb of fire]
 51859 | Zot:5    | Gained mutation: You occasionally shout uncontrollably at your foes. [an orb of fire]
 51861 | Zot:5    | Noticed an orb of fire
 51864 | Zot:5    | Gained mutation: Scrolls take you a little longer to read. [an orb of fire]
 51865 | Zot:5    | Gained mutation: You sometimes yell uncontrollably at your foes. [an orb of fire]
 51873 | Zot:5    | Gained mutation: You are frail. (-10% HP) [an orb of fire]
 51874 | Zot:5    | Gained mutation: Your body sometimes deteriorates upon taking damage. [an orb of fire]
 51875 | Zot:5    | Killed an orb of fire
 51878 | Zot:5    | Gained mutation: You are very frail. (-20% HP) [an orb of fire]
 51885 | Zot:5    | Killed an orb of fire
 51890 | Zot:5    | Noticed an orb of fire
 51893 | Zot:5    | Noticed an orb of fire
 51901 | Zot:5    | Gained mutation: Your body often deteriorates upon taking damage. [an orb of fire]
 51908 | Zot:5    | Killed an orb of fire
 51917 | Zot:5    | Noticed an orb of fire
 51921 | Zot:5    | Reached skill level 24 in Fighting
 51923 | Zot:5    | Gained mutation: Armour fits poorly on your strangely shaped body. [an orb of fire]
 51925 | Zot:5    | Gained mutation: You tend to lose your temper in combat. [an orb of fire]
 51927 | Zot:5    | Gained mutation: You are extremely frail. (-30% HP) [an orb of fire]
 51930 | Zot:5    | Killed an orb of fire
 51945 | Zot:5    | Killed an orb of fire
 51953 | Zot:5    | Lost mutation: You sometimes yell uncontrollably at your foes. [potion of mutation]
 51953 | Zot:5    | Lost mutation: Scrolls take you a little longer to read. [potion of mutation]
 51953 | Zot:5    | Lost mutation: You are extremely frail. (-30% HP) [potion of mutation]
 51953 | Zot:5    | Lost mutation: You occasionally shout uncontrollably at your foes. [potion of mutation]
 51953 | Zot:5    | Gained mutation: You have a pair of small antennae on your head. [potion of mutation]
 51954 | Zot:5    | Lost mutation: Armour fits poorly on your strangely shaped body. [potion of mutation]
 51954 | Zot:5    | Lost mutation: You are very frail. (-20% HP) [potion of mutation]
 51954 | Zot:5    | Lost mutation: You are very weak. (Str -4) [potion of mutation]
 51954 | Zot:5    | Gained mutation: Your flesh is heat resistant. (rF+) [potion of mutation]
 51954 | Zot:5    | Gained mutation: You often lose your temper in combat. [potion of mutation]
 51954 | Zot:5    | Gained mutation: Armour fits poorly on your strangely shaped body. [potion of mutation]
 51954 | Zot:5    | Gained mutation: You are highly resistant to hostile enchantments. (MR++) [potion of mutation]
 51955 | Zot:5    | Gained mutation: Your flesh is cold resistant. (rC+) [potion of mutation]
 51956 | Zot:5    | Lost mutation: You have a pair of small antennae on your head. [potion of mutation]
 51956 | Zot:5    | Lost mutation: You often lose your temper in combat. [potion of mutation]
 51956 | Zot:5    | Lost mutation: You are highly resistant to hostile enchantments. (MR++) [potion of mutation]
 51956 | Zot:5    | Lost mutation: You tend to lose your temper in combat. [potion of mutation]
 51956 | Zot:5    | Gained mutation: You have a pair of small horns on your head. [potion of mutation]
 52097 | Zot:5    | Noticed an orb of fire
 52097 | Zot:5    | Gained mutation: You are very frail. (-20% HP) [an orb of fire]
 52108 | Zot:5    | Noticed an ancient lich
 52117 | Zot:5    | Killed an orb of fire
 52131 | Zot:5    | Killed an ancient lich
 52133 | Zot:5    | Noticed an ancient lich
 52166 | Zot:5    | Killed an ancient lich
 52191 | Zot:5    | Noticed an orb of fire
 52216 | Zot:5    | Killed an orb of fire
 52308 | Zot:5    | Your magical essence is drained by the effort!
 52651 | Zot:5    | Lost mutation: Your flesh is heat resistant. (rF+) [potion of mutation]
 52651 | Zot:5    | Lost mutation: Armour fits poorly on your strangely shaped body. [potion of mutation]
 52651 | Zot:5    | Lost mutation: Your flesh is cold resistant. (rC+) [potion of mutation]
 52651 | Zot:5    | Gained mutation: You are partially covered in iridescent scales. (AC +2) [potion of mutation]
 52652 | Zot:5    | Lost mutation: You are resistant to hostile enchantments. (MR+) [potion of mutation]
 52652 | Zot:5    | Lost mutation: You are very frail. (-20% HP) [potion of mutation]
 52652 | Zot:5    | Lost mutation: You have a pair of small horns on your head. [potion of mutation]
 52652 | Zot:5    | Lost mutation: You are weak. (Str -2) [potion of mutation]
 52652 | Zot:5    | Gained mutation: Your muscles are strong. (Str +2) [potion of mutation]
 52652 | Zot:5    | Gained mutation: Your flesh is cold resistant. (rC+) [potion of mutation]
 52653 | Zot:5    | Lost mutation: Your flesh is cold resistant. (rC+) [potion of mutation]
 52653 | Zot:5    | Lost mutation: You are frail. (-10% HP) [potion of mutation]
 52653 | Zot:5    | Lost mutation: Your muscles are strong. (Str +2) [potion of mutation]
 52653 | Zot:5    | Gained mutation: You are agile. (Dex +2) [potion of mutation]
 52653 | Zot:5    | Gained mutation: Armour fits poorly on your strangely shaped body. [potion of mutation]
 52653 | Zot:5    | Gained mutation: Your flesh is heat resistant. (rF+) [potion of mutation]
 52654 | Zot:5    | Lost mutation: Your body often deteriorates upon taking damage. [potion of mutation]
 52654 | Zot:5    | Lost mutation: Your flesh is heat resistant. (rF+) [potion of mutation]
 52654 | Zot:5    | Gained mutation: You have a pair of small antennae on your head. [potion of mutation]
 52655 | Zot:5    | Lost mutation: Your body sometimes deteriorates upon taking damage. [potion of mutation]
 52655 | Zot:5    | Lost mutation: Armour fits poorly on your strangely shaped body. [potion of mutation]
 52655 | Zot:5    | Lost mutation: You are agile. (Dex +2) [potion of mutation]
 52655 | Zot:5    | Gained mutation: You are agile. (Dex +2) [potion of mutation]
 52655 | Zot:5    | Gained mutation: You are surrounded by a mild repulsion field. (EV +2) [potion of mutation]
 52664 | Zot:5    | Got the Orb of Zot
 52878 | Depths:3 | Your magical essence is drained by the effort!
 53170 | D:5      | Noticed Vonwarr the pandemonium lord
 53179 | D:5      | Gained mutation: You are somewhat resistant to further mutation. [a neqoxec]
 53273 | D:$      | Escaped with the Orb!

Skill      XL: |  1  2  3  4  5  6  7  8  9 10 11 12 13 14 15 16 17 18 19 20 21 22 23 24 25 26 27 |
---------------+----------------------------------------------------------------------------------+-----
Short Blades   | 1 |  1.5
Fighting       | 1 2 3 4 5 6 7 9 10 12 13 15 16 17 18 19 21 22 23 24 | 24.7
Maces & Flails | 1 3 4 5 6 8 10 11 13 14 | 14.0
Invocations    | 2 4 6 8 9 10 12 13 15 17 | 17.4
Armour         | 2 5 7 9 12 13 14 16 17 18 19 20 21 22 23 | 23.4
Dodging        | 3 6 8 10 11 12 14 16 17 18 19 | 19.9
Axes           | 7 11 14 15 | 15.7
Shields        | 2 8 12 14 15 16 | 16.4
Evocations     | 6 8 10 | 10.1
Stealth        | |  2.4
Spellcasting   | |  1.7
Conjurations   | |  3.6

Action                   |  1- 3 |  4- 6 |  7- 9 | 10-12 | 13-15 | 16-18 | 19-21 | 22-24 | 25-27 || total
-------------------------+-------+-------+-------+-------+-------+-------+-------+-------+-------++-------
Melee: Short sword       |    45 |    24 |     7 |       |       |       |       |       |       ||    76
       Whip              |    56 |   203 |   257 |       |       |       |       |       |       ||   516
       Dire flail        |       |       |   173 |   802 |   957 |       |       |       |       ||  1932
       War axe           |       |       |       |       |   964 |  1221 |       |       |       ||  2185
       Broad axe         |       |       |       |       |       |  1029 |  1416 |  1789 |  1757 ||  5991
       Headbutt          |       |       |       |       |       |       |       |       |    47 ||    47
Throw: Throwing net      |       |       |       |       |       |       |       |       |     2 ||     2
 Cast: Magic Dart        |     2 |       |       |       |       |       |       |       |       ||     2
Invok: Minor Destruction |       |       |     3 |     6 |     5 |       |       |       |       ||    14
       Lesser Servant of |       |       |       |     3 |    36 |     8 |     2 |     2 |       ||    51
       Greater Servant o |       |       |       |       |     1 |       |     3 |     4 |     4 ||    12
 Abil: Heal Wounds       |     1 |     3 |    13 |     1 |    20 |     7 |     9 |     7 |    19 ||    80
Evoke: Wand              |       |       |     3 |     2 |     1 |    11 |     3 |    14 |     6 ||    40
       Lamp of fire      |       |       |       |       |       |       |       |       |     1 ||     1
  Use: Scroll            |       |     9 |     3 |     8 |    17 |    19 |     5 |    19 |    16 ||    96
       Potion            |       |       |       |       |     1 |     2 |     1 |     3 |    21 ||    28
 Stab: Paralysed         |       |       |     7 |       |       |     9 |       |     2 |       ||    18
       Distracted        |       |       |       |     1 |    10 |       |     2 |     2 |     2 ||    17
       Confused          |       |       |       |       |       |     1 |       |       |       ||     1
       Held in net/web   |       |       |       |       |       |     2 |       |       |       ||     2
  Eat: Chunk             |     2 |     5 |     8 |    22 |    50 |    39 |    20 |    29 |    25 ||   200
       Ration            |       |     1 |       |       |       |       |       |       |       ||     1
Armor: Robe              |     3 |       |       |       |       |       |       |       |       ||     3
       Chain mail        |    43 |   166 |   261 |   423 |   836 |       |       |       |       ||  1729
       Scale mail        |    10 |       |       |       |       |       |       |       |       ||    10
       Skin              |       |       |       |       |    22 |       |       |       |     2 ||    24
       Plate armour      |       |       |       |       |   133 |   971 |   521 |   511 |       ||  2136
       Storm dragon scal |       |       |       |       |       |       |       |   223 |   795 ||  1018
Dodge: Dodged            |    28 |    79 |   159 |   288 |   920 |   779 |   292 |   692 |  1138 ||  4375
Block: Buckler           |       |       |       |       |     2 |       |       |       |       ||     2
       Shield            |       |       |       |       |   536 |  1833 |   867 |  1402 |  1551 ||  6189
